 Dungeon Crawl Stone Soup version 0.21.1-1-g345015f (webtiles) character file.

97 Kairos the Shield-Bearer (level 4, -4/24 HPs)
             Began as a Vine Stalker Fighter on Apr 25, 2018.
             Slain by a gnoll
             ... wielding a +0 club
              (8 damage)
             ... on level 2 of the Dungeon.
             The game lasted 00:01:56 (1316 turns).

Kairos the Shield-Bearer (Vine Stalker Fighter)     Turns: 1316, Time: 00:01:57

Health: -4/24      AC:  7    Str: 20    XL:     4   Next: 68%
Magic:  0/5        EV:  7    Int:  8    God:
Gold:   66         SH:  9    Dex: 13    Spells: 3/3 levels left

rFire    . . .     SeeInvis .   a - +0 war axe
rCold    . . .     Gourm    .   c - +0 shield
rNeg     . . .     Faith    .   b - +0 scale mail
rPois    .         Spirit   +   (no helmet)
rElec    .         Reflect  .   p - +0 cloak (curse)
rCorr    .         Harm     .   (no gloves)
MR       .....                  (no boots)
Stlth    ..........             (no amulet)
HPRegen  0.48/turn              (no ring)
MPRegen  0.09/turn              (no ring)

@: glowing
A: fangs 2, regeneration 1, magic shield, antimagic bite, no potion heal 3, rot
immunity
a: no special abilities


You were on level 2 of the Dungeon.
You were hungry.

You visited 1 branch of the dungeon, and saw 2 of its levels.

You collected 66 gold pieces.

Inventory:

Hand Weapons
 a - a +0 war axe (weapon)
Armour
 b - a +0 scale mail (worn)
 c - a +0 shield (worn)
 p - a cursed +0 cloak (worn)
Scrolls
 g - 2 scrolls of remove curse
 j - a scroll of immolation {unknown}
 k - a scroll of amnesia {unknown}
 n - a scroll of enchant armour {unknown}
 o - a scroll of identify {unknown}
Potions
 d - a potion of might
 e - a potion of magic {unknown}
 h - a potion of resistance {unknown}
 i - a potion of ambrosia {unknown}
 l - a potion of lignification {unknown}
 m - a potion of curing {unknown}
Comestibles
 f - a ration


   Skills:
 + Level 3.0 Fighting
 + Level 2.6 Axes
 + Level 2.9 Armour
 + Level 0.2 Dodging
 + Level 3.6 Shields


You had 3 spell levels left.
You didn't know any spells.

Dungeon Overview and Level Annotations

Branches:
Dungeon (2/15)

Altars:
Ashenzari


Innate Abilities, Weirdness & Mutations

You have extremely sharp teeth.
Your natural rate of healing is unusually fast.
When hurt, damage is shared between your health and your magic reserves.
Your bite disrupts and absorbs the magic of your enemies.
Potions cannot restore your health.
You are immune to rotting.


Message History

You are feeling hungry.
You hit the gnoll.
You kill the gnoll!
You block the gnoll's attack. The gnoll hits you but does no damage.
The gnoll barely misses you.
You hit the gnoll. You bite the gnoll. You drain its power.
You feel invigorated.
The gnoll is heavily wounded.
The gnoll hits you but does no damage. You block the gnoll's attack.
The gnoll hits you from afar with a halberd!
* * * LOW HITPOINT WARNING * * *
The gnoll hits you with a club.
* * * LOW HITPOINT WARNING * * *
You see here an adder corpse.
The gnoll barely misses you. The gnoll hits you with a club.
* * * LOW HITPOINT WARNING * * *
You block the gnoll's attack. The gnoll hits you with a club!
You die...

..####.### #... #.#
#.## #.# #.#
#####.####### #.#
#...........# #.#
#.##..#.###.# #.##
#.##..#.# # #.##
#####.##..#.###.#####
#.##
#.)..†....ggg@.......
#...
#.###.#.....###.#####
#### #.# #.##....# #
# #g# #.##..#># # #.#
#......... #
###g#######.##### #
##..gg..# #+# #
......#.# # ##)#..# #
#


You could see 3 gnolls.

Vanquished Creatures
  A gnoll shaman (D:2)
  A gnoll (D:2)
  2 adders (D:2)
  A leopard gecko (D:2)
  3 giant cockroaches (D:1)
  8 goblins
  4 hobgoblins
  6 jackals (D:2)
  A quokka (D:2)
  3 bats (D:2)
  4 frilled lizards
  3 kobolds
  2 rats
39 creatures vanquished.

Vanquished Creatures (others)
  A giant cockroach (D:1)
1 creature vanquished.

Grand Total: 40 creatures vanquished

Notes
Turn   | Place    | Note
-------+----------+-------------------------------------------
     0 | D:1      | Kairos the Vine Stalker Fighter began the quest for the Orb.
     0 | D:1      | Reached XP level 1. HP: 11/11 MP: 2/2
   173 | D:1      | Reached XP level 2. HP: 16/16 MP: 3/3
   767 | D:2      | Reached XP level 3. HP: 5/19 MP: 1/4
  1029 | D:2      | Found a shattered altar of Ashenzari.
  1261 | D:2      | Gained mutation: Your natural rate of healing is unusually fast. [Vine Stalker growth]
  1261 | D:2      | Reached XP level 4. HP: 22/24 MP: 5/5
  1316 | D:2      | Slain by a gnoll

Skill      XL: |  1  2  3 |
---------------+----------+-----
Shields        | 3 |  3.6
Fighting       | 3 |  3.0
Axes           | 2 |  2.6
Armour         | |  2.9
Dodging        | |  0.2

Action                   |  1- 3 |  4- 6 || total
-------------------------+-------+-------++-------
Melee: War axe           |    91 |    18 ||   109
       Bite              |    17 |     7 ||    24
  Use: Scroll            |     1 |       ||     1
  Eat: Chunk             |     1 |       ||     1
Armor: Scale mail        |    55 |     5 ||    60
Dodge: Dodged            |    34 |     9 ||    43
Block: Shield            |    66 |    12 ||    78
